 Dungeon Crawl Stone Soup version 0.27-a0-951-gae3e1deef5 (webtiles) character file.

Game seed: 4578432002261048697

66 polve the Cutter (level 3, 0/29 HPs)
             Began as a Demonspawn Abyssal Knight on Apr 11, 2021.
             Was a Follower of Lugonu.
             Slain by a kobold
             ... wielding a +1 short sword of freezing
              (3 damage)
             ... on level 1 of the Dungeon.
             The game lasted 00:01:44 (1083 turns).

polve the Cutter (Demonspawn Abyssal Knight)        Turns: 1083, Time: 00:01:44

Health: 0/29       AC:  3    Str: 13    XL:     3   Next: 96%
Magic:  4/4        EV: 11    Int: 13    God:    Lugonu [*.....]
Gold:   54         SH:  0    Dex: 12    Spells: 2/2 levels left

rFire    . . .     SeeInvis .   a - +1 short sword
rCold    . . .     Faith    .   (no shield)
rNeg     . . .     Spirit   .   b - +0 leather armour
rPois    .         Reflect  .   (no helmet)
rElec    .         Harm     .   (no cloak)
rCorr    .         Rampage  .   (no gloves)
Will     .....                  (no boots)
Stlth    +.........             (no amulet)
HPRegen  0.09/turn              (no ring)
MPRegen  0.18/turn              (no ring)

@: no status effects
A: hooves 1, magic regeneration
a: Renounce Religion, Depart the Abyss


You were on level 1 of the Dungeon.
You worshipped Lugonu.
Lugonu was aware of your devotion.
You visited 1 branch of the dungeon, and saw 1 of its levels.
You visited the Abyss 1 time.

You collected 54 gold pieces.

Inventory:

Hand Weapons
 a - a +1 short sword (weapon)
Armour
 b - a +0 leather armour (worn)
 d - a +0 helmet
Scrolls
 c - a scroll of teleportation {unknown}
Potions
 e - a potion of curing {unknown}


   Skills:
 - Level 3.0 Fighting
 + Level 3.9 Short Blades
 - Level 1.7 Armour
 - Level 0.8 Dodging
 - Level 2.4 Invocations


You had 2 spell levels left.
You didn't know any spells.
Your spell library was empty.

Dungeon Overview and Level Annotations

Branches:
Dungeon (1/15)

Altars:


Innate Abilities, Weirdness & Mutations

You have large cloven feet.
You regenerate magic rapidly.


Message History

You hit the jackal.
The jackal is almost dead.
The jackal closely misses you.
The kobold throws a stone.
The stone barely misses you. The jackal bites you.
* * * LOW HITPOINT WARNING * * *
You hit the jackal.
You kill the jackal!
Lugonu accepts your kill.
The kobold throws a stone.
The stone hits you but does no damage.
Things that are here:
a jackal corpse; a jackal corpse The kobold throws a stone.
The stone hits you.
* * * LOW HITPOINT WARNING * * *
A goblin comes into view. It is wielding a +0 club.
The goblin shouts!
The kobold throws a stone.
The stone closely misses you.
The stone hits the goblin.
You barely miss the goblin. You kick the goblin, but do no damage.
The goblin is severely wounded.
The goblin closely misses you.
The kobold throws a stone.
The stone closely misses you.
The stone hits the goblin.
The goblin dies!
Things that are here:
a +0 club; a goblin corpse
There is an open door here.
Which direction?
You close the door.
You close the door.
Unknown command.
You close the door.
Keep equipping yourself? [Y]es or [N]o only, please.
Keep equipping yourself?
You start putting on your armour.
You continue putting on your +0 helmet.
The kobold throws a stone.
The stone closely misses you.
You continue putting on your +0 helmet. x2
The kobold hits you with a +1 short sword of freezing.
* * * LOW HITPOINT WARNING * * *
The kobold freezes you.
You die...

......................##.#
).....................##.#
...)∩..∩..|..∩..♣..#####.#
......#...###.##...# #.##
#....)..#.#######)## ##.#
##..######.### #.# ###.##
##..# ##.##..####+####..##
#...##...####..K...'..###
K.......## ####@<.####
.....##..####..+...'..#
.........##..####'####..#
..###...##.### #.# .# .##
#..##†## ### .# #..÷...#
.# #......# .# #......#
#......#


You could see a kobold.

Vanquished Creatures
  An iron imp (Abyss:1)
  A ball python (D:1)
  A bat (D:1)
  4 endoplasms (D:1)
  2 giant cockroaches (D:1)
  2 goblins (D:1)
  2 hobgoblins (D:1)
  9 jackals (D:1)
  2 quokkas (D:1)
  A frilled lizard (D:1)
  3 kobolds (D:1)
  3 rats (D:1)
31 creatures vanquished.

Vanquished Creatures (others)
  A goblin (D:1)
1 creature vanquished.

Grand Total: 32 creatures vanquished

Notes
Turn   | Place    | Note
-------+----------+-------------------------------------------
     0 | Abyss:1  | polve the Demonspawn Abyssal Knight began the quest for the
                  | Orb.
     0 | Abyss:1  | Reached XP level 1. HP: 18/18 MP: 2/2
    83 | Abyss:1  | Noticed a worldbinder
    83 | Abyss:1  | Noticed a ynoxinul
   158 | Abyss:1  | Noticed an iron imp
   177 | Abyss:1  | Killed an iron imp
   178 | Abyss:1  | Gained mutation: You have large cloven feet. [demonic
                  | ancestry]
   178 | Abyss:1  | Reached XP level 2. HP: 2/24 MP: 3/3
   407 | Abyss:1  | Noticed a smoke demon
   452 | Abyss:1  | Found a corrupted altar of Lugonu.
   507 | Abyss:1  | Noticed a death drake
   508 | D:1      | Escaped the Abyss
   530 | D:1      | Found a faded altar of an unknown god.
   535 | D:1      | Gained mutation: You regenerate magic rapidly. [demonic
                  | ancestry]
   535 | D:1      | Reached XP level 3. HP: 29/29 MP: 4/4
   791 | D:1      | Reached * piety under Lugonu
  1083 | D:1      | Slain by a kobold

Illustrated notes

Levels and vault maps discovered:
D:1:      dpeg_arrival_radiant, layout_rooms,
          hellmonk_ecumenical_altar_arch_garden, minmay_statues_item

Skill      XL: |  1 |
---------------+----+-----
Short Blades   | 3 |  3.9
Fighting       | |  3.0
Armour         | |  1.7
Dodging        | |  0.8
Invocations    | |  2.4

Action                   || total
-------------------------++-------
Melee: Short sword       ||   109
       Kick              ||    17
Invok: Depart the Abyss  ||     1
Armor: Leather armour    ||    36
Dodge: Dodged            ||    58

Table legend: (Time is in decaauts)
 A = Elapsed time spent in this place.
 B = Non-inter-level travel time spent in this place.
 C = Inter-level travel time spent in this place.
 D = Time resting spent in this place.
 E = Time spent auto-exploring this place.
 F = Levels seen in this place.
 G = Mean time per level.
                   A        B        C        D        E       F      G
               +--------+--------+--------+--------+--------+-----+--------+
         Total |   1073 |   1073 |      0 |      0 |    824 |   2 |  536.5 |
       Dungeon |    564 |    564 |      0 |      0 |    354 |   1 |  564.0 |
         Abyss |    508 |    508 |      0 |      0 |    470 |   1 |  508.0 |
               +--------+--------+--------+--------+--------+-----+--------+

Top non-repeatable levels by time:
     D:1: 564 daAuts
 Abyss:1: 508 daAuts
